 Dungeon Crawl Stone Soup version 0.27.1-16-g815e20cd7a (webtiles) character file.

Game seed: 3258193082171647203

93 pkoi the Insei (level 4, 0/38 HPs)
             Began as a Draconian Monk on Nov 24, 2021.
             Was a Believer of Makhleb.
             Killed by divine providence
             ... invoked by an orc priest
              (16 damage)
             ... on level 3 of the Dungeon.
             The game lasted 00:02:13 (2614 turns).

pkoi the Insei (Draconian Monk)                     Turns: 2614, Time: 00:02:14

Health: 0/38       AC:  5    Str: 13    XL:     4   Next: 36%
Magic:  4/4        EV: 12    Int: 12    God:    Makhleb [**....]
Gold:   130        SH:  0    Dex: 13    Spells: 3/3 levels left

rFire    . . .     SeeInvis .     - Unarmed
rCold    . . .     Faith    .   (no shield)
rNeg     . . .     Spirit   .   (armour unavailable)
rPois    .         Reflect  .   (helmet restricted)
rElec    .         Harm     .   (no cloak)
rCorr    .         Rampage  .   (no gloves)
Will     .....                  (no boots)
Stlth    ++........             (no amulet)
HPRegen  0.12/turn              e - ring of wizardry
MPRegen  0.09/turn              (no ring)

@: no status effects
A: AC +5, unfitting armour, cold-blooded
a: Renounce Religion, Minor Destruction


You were on level 3 of the Dungeon.
You worshipped Makhleb.
Makhleb was pleased with you.
You visited 1 branch of the dungeon, and saw 3 of its levels.

You collected 130 gold pieces.

Inventory:

Jewellery
 e - a ring of wizardry (left hand)
Scrolls
 b - a scroll of identify
 d - a scroll of immolation {unknown}
Potions
 a - a potion of might
 h - a potion of curing


   Skills:
 - Level 3.2 Fighting
 - Level 2.6 Dodging
 - Level 1.7 Stealth
 + Level 5.0 Unarmed Combat
 + Level 1.1 Invocations


You had 3 spell levels left.
You didn't know any spells.
Your spell library was empty.

Dungeon Overview and Level Annotations

Branches:
Dungeon (3/15)

Altars:
Makhleb


Innate Abilities, Weirdness & Mutations

Your plain brown scales are hard. (AC +5)
You cannot fit into any form of body armour.
You are cold-blooded and may be slowed by cold attacks.


Message History

Found a scroll labelled QETRAI QIUFOCE.
d - a scroll labelled QETRAI QIUFOCE Drop what? 6/52 slots (_ for help) (? for menu, Esc to quit)
You drop a potion of degeneration.
Found a stone staircase leading down.
Found a stone staircase leading up.
Found 11 gold pieces.
An orc comes into view. It is wielding a +0 club.
An orc is nearby!
An orc is nearby!
An orc comes into view. It is wielding a +0 mace.
The orc shouts! x2
An orc priest comes into view. It is wielding a +0 club.
The orc priest shouts!
The orc barely misses you.
You punch the orc!
You kill the orc!
Makhleb accepts your kill.
Things that are here:
a +0 club; 11 gold pieces; an orc corpse You closely miss the orc.
The orc hits you with a +0 mace.
You completely miss the orc priest. The orc priest barely misses you.
The orc barely misses you.
You hit the orc priest but do no damage.
The orc priest closely misses you. The orc hits you with a +0 mace.
You closely miss the orc priest. You tail-slap the orc priest.
The orc priest is lightly wounded.
The orc priest calls down the wrath of Beogh upon you.
Beogh smites you!
* * * LOW HITPOINT WARNING * * *
The orc hits you with a +0 mace.
* * * LOW HITPOINT WARNING * * *
You barely miss the orc priest.
The orc priest is lightly wounded.
The orc priest hits you but does no damage.
You hit the orc priest.
The orc priest is moderately wounded.
The orc priest invokes the aid of Beogh against you.
Beogh smites you!
You die...

#. ... #.
... #. ..
#. .. #.
.# #. .##
#.###..##
#.@oo...#
####.<.##
#.#>#
#.#.#
#.#.#
#.#.#
#.#.#
#.#.#
#.#.#


You could see an orc priest and an orc.

Vanquished Creatures
  Terence (D:2)
  3 adders (D:2)
  2 dart slugs
  An orc (D:3)
  5 ball pythons
  3 bats (D:1)
  2 endoplasms (D:1)
  2 giant cockroaches
  3 goblins
  4 hobgoblins
  4 kobolds
  3 frilled lizards
  3 rats
36 creatures vanquished.

Vanquished Creatures (others)
  9 demonic plants (D:2)
  5 fungi (D:2)
  6 plants (D:2)
  7 withered plants (D:2)
27 creatures vanquished.

Grand Total: 63 creatures vanquished

Notes
Turn   | Place    | Note
-------+----------+-------------------------------------------
     0 | D:1      | pkoi the Draconian Monk began the quest for the Orb.
     0 | D:1      | Reached XP level 1. HP: 19/19 MP: 1/1
   148 | D:1      | Reached XP level 2. HP: 21/26 MP: 2/2
   626 | D:1      | Reached skill level 4 in Unarmed Combat
   947 | D:2      | Reached XP level 3. HP: 11/31 MP: 3/3
  1198 | D:2      | Found a faded altar of an unknown god.
  1460 | D:2      | Noticed Terence
  2175 | D:2      | Found a burning altar of Makhleb.
  2189 | D:2      | Became a worshipper of Makhleb the Destroyer
  2189 | D:2      | Reached * piety under Makhleb
  2189 | D:2      | Reached ** piety under Makhleb
  2418 | D:2      | Killed Terence
  2419 | D:2      | Reached skill level 5 in Unarmed Combat
  2419 | D:2      | Reached skill level 1 in Invocations
  2419 | D:2      | Reached XP level 4. HP: 27/38 MP: 4/4
  2614 | D:3      | Killed from afar by an orc priest

Illustrated notes

Levels and vault maps discovered:
D:1:      giann_bridges, layout_basic
D:2:      layout_basic, shapermc_ecumenical_altar_gd, basic_altar,
          nrook_mini_vaults, uniq_terence
D:3:      layout_loops_ring, serial_aquarium, aquarium_bridge_square
          [aquarium_subvault_balcony, aquarium_subvault_bridge,
          aquarium_subvault_window, aquarium_subvault_bridge],
          aquarium_bridge_square [aquarium_subvault_bridge,
          aquarium_subvault_bridge, aquarium_subvault_window,
          aquarium_subvault_bridge], aquarium_window_2, aquarium_window_2,
          aquarium_view_2c

Skill      XL: |  1  2  3 |
---------------+----------+-----
Unarmed Combat | 4 5 |  5.0
Invocations    | 1 |  1.1
Fighting       | |  3.2
Dodging        | |  2.6
Stealth        | |  1.7

Action                   |  1- 3 |  4- 6 || total
-------------------------+-------+-------++-------
Melee: Unarmed           |   138 |     7 ||   145
       Tailslap          |    13 |     1 ||    14
       Punch             |     6 |       ||     6
  Use: Scroll            |     4 |     1 ||     5
       Potion            |     2 |       ||     2
 Stab: Sleeping          |     4 |       ||     4
Armor: Skin              |    40 |     1 ||    41
Dodge: Dodged            |    82 |     4 ||    86
